[Event "ICC tourney 3050 (40 10)"]
[Site "Internet Chess Club"]
[Date "2022.11.05"]
[Round "1"]
[White "MARKOVIC, GORAN:Goran21"]
[Black "SANTOS LATASA, JAIME:jsl1996"]
[Result "0-1"]
[ICCResult "White resigns"]
[WhiteElo "1955"]
[BlackElo "2715"]
[Opening "Sicilian defense"]
[ECO "B40"]
[NIC "SI.43"]
[Time "11:00:39"]
[PlyCount "60"]
[TimeControl "2400+10"]

1. e4 c5 2. Nf3 e6 3. d3 Nc6 4. g3 d5 5. Nbd2 g6 6. Bg2 Bg7 7. O-O Nf6 8. c3
O-O 9. exd5 Nxd5 10. Nb3 b6 11. d4 cxd4 12. Nfxd4 Bb7 13. Re1 Rc8 14. h4 h6
15. h5 g5 16. Nf5 exf5 17. Bxd5 Qc7 18. Qf3 Rcd8 19. c4 a5 20. Qxf5 Ne7 21.
Qg4 Nxd5 22. cxd5 Rxd5 23. Kh2 f5 24. Qe2 Re5 25. Qf1 Rxe1 26. Qxe1 Qc6 27.
Qf1 Qf3 28. Be3 f4 29. Bxb6 fxg3+ 30. fxg3 Qxf1 {White resigns} 0-1

[Event "ICC tourney 3050 (40 10)"]
[Site "Internet Chess Club"]
[Date "2022.11.05"]
[Round "1"]
[White "LIU, KELSEY:SilverDuck"]
[Black "Belous, Vladimir:Openyagami"]
[Result "1/2-1/2"]
[ICCResult "Game drawn by repetition"]
[WhiteElo "1851"]
[BlackElo "2575"]
[Opening "Sicilian: Nimzovich-Rossolimo attack (without ...d6)"]
[ECO "B30"]
[NIC "SI.31"]
[Time "11:24:07"]
[PlyCount "68"]
[TimeControl "2400+10"]

1. e4 c5 2. Nf3 Nc6 3. Bb5 e6 4. Bxc6 bxc6 5. O-O Ne7 6. Qe2 Ng6 7. e5 Be7
8. d3 O-O 9. Na3 f6 10. Nc4 Qc7 11. Bd2 fxe5 12. Ncxe5 Nf4 13. Qe4 Nd5 14.
c4 Nf6 15. Qh4 d6 16. Ng4 Ne4 17. Nh6+ gxh6 18. Qxe4 Rf6 19. Nh4 Bd7 20. f4
Raf8 21. Rf3 R6f7 22. Rg3+ Kh8 23. Bc3+ Bf6 24. Ng6+ hxg6 25. Qxg6 Qd8 26.
Rh3 Rh7 27. Rxh6 Rxh6 28. Qxh6+ Kg8 29. Qg6+ Kh8 30. Qh6+ Kg8 31. Qg6+ Kh8
32. Qh6+ Kg8 33. Qg6+ Kh8 34. Qh6+ Kg8 {Game drawn by repetition} 1/2-1/2

[Event "ICC tourney 3050 (40 10)"]
[Site "Internet Chess Club"]
[Date "2022.11.05"]
[Round "1"]
[White "REDDY, SATVIK:chesslead"]
[Black "Feng, Jay:TheDeadlyPawn"]
[Result "1-0"]
[ICCResult "Black checkmated"]
[WhiteElo "2320"]
[BlackElo "1689"]
[Opening "Caro-Kann: Panov-Botvinnik attack"]
[ECO "B13"]
[NIC "CK.03"]
[Time "11:02:21"]
[PlyCount "65"]
[TimeControl "2400+10"]

1. e4 c6 2. d4 d5 3. exd5 cxd5 4. c4 Nf6 5. Nc3 Nc6 6. Nf3 Be6 7. c5 g6 8.
Bb5 Bg7 9. O-O O-O 10. Be3 Bg4 11. h3 Bxf3 12. Qxf3 e5 13. dxe5 Nxe5 14. Qd1
Qe7 15. Nxd5 Nxd5 16. Qxd5 Rfd8 17. Qb3 a6 18. Be2 Rac8 19. Rfd1 Rxd1+ 20.
Rxd1 Rc7 21. Rd6 Nc6 22. Bf3 Be5 23. Qd3 Bxb2 24. Bxc6 Rxc6 25. Rd7 Qe6 26.
Bh6 Qe1+ 27. Kh2 f5 28. Rd8+ Kf7 29. Rf8+ Ke7 30. Qd8+ Ke6 31. Re8+ Kf7 32.
Qd7+ Kf6 33. Qg7# {Black checkmated} 1-0

[Event "ICC tourney 3050 (40 10)"]
[Site "Internet Chess Club"]
[Date "2022.11.05"]
[Round "1"]
[White "AZAROV, SERGEI:Sergeiaza"]
[Black "NATHAN, NITISH SG:K06-15494283"]
[Result "1-0"]
[ICCResult "Black resigns"]
[WhiteElo "2612"]
[BlackElo "1947"]
[Opening "Sicilian: Nimzovich-Rossolimo attack (without ...d6)"]
[ECO "B30"]
[NIC "SI.31"]
[Time "11:00:40"]
[PlyCount "105"]
[TimeControl "2400+10"]

1. e4 c5 2. Nf3 Nc6 3. Bb5 e6 4. O-O Nge7 5. Re1 b6 6. c3 a6 7. Bf1 d5 8. e5
d4 9. a4 Bb7 10. Na3 Nd5 11. Nc2 Nde7 12. b3 Nf5 13. Bb2 Be7 14. cxd4 cxd4
15. Bd3 Nh4 16. Nxh4 Bxh4 17. Be4 O-O 18. Nxd4 Nxd4 19. Bxb7 Ra7 20. Be4 Rd7
21. g3 Be7 22. d3 Bc5 23. Kg2 a5 24. Rc1 Qe7 25. Rc4 Rfd8 26. h4 h6 27. Bc1
Qf8 28. Rh1 g6 29. h5 g5 30. f4 gxf4 31. Bxf4 Kh8 32. Rh4 Nf5 33. Rg4 Ne3+
34. Bxe3 Bxe3 35. Qf3 Bg5 36. Qf2 Qg7 37. d4 Qf8 38. Bc6 f5 39. Bxd7 Rxd7
40. d5 exd5 41. Rc6 d4 42. Rxd4 Qa8 43. Qf3 Rxd4 44. Rxh6+ Bxh6 45. Qxa8+
Kh7 46. Qe8 Rg4 47. Qf7+ Rg7 48. Qxf5+ Kg8 49. Qe6+ Kh7 50. Qxb6 Bf4 51.
Qg6+ Rxg6 52. hxg6+ Kxg6 53. gxf4 {Black resigns} 1-0

[Event "ICC tourney 3050 (40 10)"]
[Site "Internet Chess Club"]
[Date "2022.11.05"]
[Round "1"]
[White "LIANG, YU-CHENG:Yucheng"]
[Black "QI, JENNY:eevee11"]
[Result "1-0"]
[ICCResult "Black forfeits on time"]
[WhiteElo "2063"]
[BlackElo "1548"]
[Opening "Grünfeld: modern exchange variation"]
[ECO "D85"]
[NIC "GI.04"]
[Time "11:00:38"]
[PlyCount "73"]
[TimeControl "2400+10"]

1. d4 Nf6 2. c4 g6 3. Nc3 d5 4. cxd5 Nxd5 5. e4 Nxc3 6. bxc3 Bg7 7. Nf3 c5
8. Bb5+ Nd7 9. O-O O-O 10. Re1 Qa5 11. Rb1 Qxc3 12. Bd2 Qa3 13. Qc2 c4 14.
Bb4 Qd3 15. Qb2 a6 16. Ba4 b5 17. Bc2 c3 18. Qb3 Qc4 19. Qxc4 bxc4 20. Bxe7
Re8 21. Bb4 Nf6 22. Bxc3 Bg4 23. Ne5 Be6 24. d5 Nd7 25. Ba4 Rec8 26. f4 Nxe5
27. fxe5 Bg4 28. h3 Bh5 29. g4 Bxg4 30. hxg4 Rc7 31. d6 Rc5 32. Bd4 Ra5 33.
Bc6 Rf8 34. Bd5 Rxa2 35. Rf1 Rc2 36. d7 Rd2 37. Rxf7 {Black forfeits on
time} 1-0

[Event "ICC tourney 3050 (40 10)"]
[Site "Internet Chess Club"]
[Date "2022.11.05"]
[Round "1"]
[White "DINESH, ABINAV:abi2009"]
[Black "SHEEHAN, ETHAN THOMAS:Chessking2008"]
[Result "0-1"]
[ICCResult "White resigns"]
[WhiteElo "1688"]
[BlackElo "2262"]
[Opening "Sicilian: Najdorf, 7...Qb6"]
[ECO "B97"]
[NIC "SI.08"]
[Time "11:05:57"]
[PlyCount "70"]
[TimeControl "2400+10"]

1. e4 c5 2. Nf3 d6 3. d4 cxd4 4. Nxd4 Nf6 5. Nc3 a6 6. Bg5 e6 7. f4 Qb6 8.
Nb3 Be7 9. Qf3 h6 10. Bh4 Nbd7 11. O-O-O g5 12. Bf2 Qc7 13. g3 b5 14. a3 Bb7
15. Bd3 Rc8 16. Kb1 d5 17. Bd4 dxe4 18. Nxe4 Rg8 19. Qe2 gxf4 20. gxf4 Nd5
21. Rhg1 Rxg1 22. Rxg1 Nxf4 23. Rg8+ Nf8 24. Qe3 Nxd3 25. Qxd3 f5 26. Nec5
Qxh2 27. Bg1 Qh1 28. Ka2 Bd5 29. Nxa6 Kf7 30. Qg3 Bf6 31. Nc5 Qf3 32. Qxf3
Bxf3 33. Rg3 Bd5 34. Kb1 h5 35. Nd7 Nxd7 {White resigns} 0-1

[Event "ICC tourney 3050 (40 10)"]
[Site "Internet Chess Club"]
[Date "2022.11.05"]
[Round "1"]
[White "Volkov, Sergey:Volkov"]
[Black "FEE, KENNETH E:BirchRun"]
[Result "1-0"]
[ICCResult "Black resigns"]
[WhiteElo "2531"]
[BlackElo "1811"]
[Opening "King's Indian: Gligoric-Taimanov system"]
[ECO "E92"]
[NIC "KI.18"]
[Time "11:00:37"]
[PlyCount "109"]
[TimeControl "2400+10"]

1. d4 Nf6 2. c4 g6 3. Nc3 Bg7 4. e4 d6 5. Nf3 O-O 6. Be2 e5 7. Be3 exd4 8.
Nxd4 Re8 9. f3 c6 10. Bf2 d5 11. exd5 cxd5 12. O-O Nc6 13. c5 Nxd4 14. Bxd4
a6 15. Qd2 Be6 16. Rfd1 Qe7 17. Bf1 Rad8 18. b4 Bc8 19. Re1 Qd7 20. a4 Rxe1
21. Rxe1 Re8 22. Rxe8+ Qxe8 23. Bxf6 Bxf6 24. Nxd5 Bg7 25. b5 axb5 26. axb5
Qe5 27. Kh1 Bf8 28. c6 Bd6 29. g3 bxc6 30. bxc6 Qa1 31. Ne3 Bc7 32. Kg2 h5
33. Bc4 Qe5 34. Nd5 h4 35. Nxc7 h3+ 36. Kf1 Qxc7 37. Qd5 Be6 38. Qc5 Qd8 39.
Ke2 Qe8 40. Kd2 Qd8+ 41. Kc1 Bc8 42. Qe5 Bf5 43. c7 Qd7 44. g4 Qc6 45. Qd5
Qxd5 46. Bxd5 Bc8 47. g5 Kf8 48. Kd2 Ke7 49. Ke3 f6 50. Kf4 f5 51. Ke5 f4
52. Be4 Kd7 53. Bxg6 Kxc7 54. Kxf4 Kd6 55. Bf5 {Black resigns} 1-0

[Event "ICC tourney 3050 (40 10)"]
[Site "Internet Chess Club"]
[Date "2022.11.05"]
[Round "2"]
[White "SHEEHAN, ETHAN THOMAS:Chessking2008"]
[Black "COHEN, THEODORE:tcohen"]
[Result "1-0"]
[ICCResult "Black resigns"]
[WhiteElo "2262"]
[BlackElo "1006"]
[Opening "QGD: semi-Slav, Marshall gambit"]
[ECO "D31"]
[NIC "SL.06"]
[Time "13:16:04"]
[PlyCount "43"]
[TimeControl "2400+10"]

1. d4 d5 2. c4 e6 3. Nc3 c6 4. e4 Nf6 5. e5 Nfd7 6. cxd5 exd5 7. f4 b6 8.
Nf3 Bb7 9. Bd3 c5 10. O-O Nc6 11. Be3 f6 12. e6 Ndb8 13. Nh4 g6 14. f5 Qe7
15. Bb5 a6 16. Bxc6+ Nxc6 17. Nxd5 Qd8 18. dxc5 Bxc5 19. Bxc5 bxc5 20. fxg6
hxg6 21. Nxg6 Rg8 22. Nxf6+ {Black resigns} 1-0

[Event "ICC tourney 3050 (40 10)"]
[Site "Internet Chess Club"]
[Date "2022.11.05"]
[Round "2"]
[White "Feng, Jay:TheDeadlyPawn"]
[Black "MARKOVIC, GORAN:Goran21"]
[Result "1/2-1/2"]
[ICCResult "Black stalemated"]
[WhiteElo "1689"]
[BlackElo "1955"]
[Opening "Sicilian: Alapin's variation (2.c3)"]
[ECO "B22"]
[NIC "SI.46"]
[Time "13:15:23"]
[PlyCount "179"]
[TimeControl "2400+10"]

1. e4 c5 2. c3 d5 3. exd5 Nf6 4. d4 cxd4 5. cxd4 Nxd5 6. Nf3 Nc6 7. Be2 Bg4
8. O-O e6 9. h3 Bh5 10. Nc3 Bd6 11. Nxd5 exd5 12. Be3 O-O 13. Qd2 Bc7 14.
Bf4 Ba5 15. Qd1 Re8 16. g4 Bg6 17. a3 Bb6 18. Qd2 Bxd4 19. Bb5 Bb6 20. Rac1
Be4 21. Ng5 h6 22. Nxe4 Rxe4 23. Bxc6 bxc6 24. Rxc6 Rd4 25. Qc1 Qh4 26. Kg2
Rd3 27. Bg3 Qe7 28. Rc8+ Rxc8 29. Qxc8+ Qf8 30. Qf5 Rd2 31. Rc1 g6 32. Qd7
Kh7 33. Rc8 Qg7 34. Qe7 Bd4 35. Rc7 Rxb2 36. h4 Bb6 37. Rd7 Bd4 38. Qe8 Qg8
39. Rxf7+ Bg7 40. Qd7 Re2 41. Qxa7 d4 42. Re7 d3 43. Rxe2 dxe2 44. Qe3 Qd5+
45. f3 Qd1 46. Qf2 Kg8 47. f4 Bd4 48. Qe1 Qd3 49. Qc1 Qe4+ 50. Kh2 Bg7 51.
Qd2 Kh7 52. a4 h5 53. g5 Bd4 54. a5 Kg8 55. a6 Qd5 56. Qxe2 Kf7 57. Bf2 Bxf2
58. Qxf2 Qa5 59. a7 Ke6 60. Qe3+ Kd7 61. Kg3 Qa1 62. f5 gxf5 63. g6 Qa4 64.
Qd3+ Ke6 65. Qe3+ Kf6 66. Qg5+ Ke6 67. g7 Qa3+ 68. Kg2 Qa2+ 69. Kf3 Qd5+ 70.
Kf2 Qa2+ 71. Ke1 Qa1+ 72. Ke2 Qa6+ 73. Kd2 Qa2+ 74. Kd3 Qa3+ 75. Ke2 Qa2+
76. Ke1 Qa1+ 77. Kf2 Qxa7+ 78. Qe3+ Qxe3+ 79. Kxe3 Kf7 80. Kf4 Kxg7 81. Kxf5
Kh6 82. Kf6 Kh7 83. Kg5 Kg7 84. Kxh5 Kh7 85. Kg5 Kg8 86. h5 Kh7 87. h6 Kh8
88. Kg6 Kg8 89. h7+ Kh8 90. Kh6 {Black stalemated} 1/2-1/2

[Event "ICC tourney 3050 (40 10)"]
[Site "Internet Chess Club"]
[Date "2022.11.05"]
[Round "2"]
[White "SANTOS LATASA, JAIME:jsl1996"]
[Black "REDDY, SATVIK:chesslead"]
[Result "1-0"]
[ICCResult "Black forfeits on time"]
[WhiteElo "2715"]
[BlackElo "2320"]
[Opening "Pirc defense"]
[ECO "B07"]
[NIC "PU.08"]
[Time "13:16:30"]
[PlyCount "87"]
[TimeControl "2400+10"]

1. e4 d6 2. d4 Nf6 3. Nc3 Nbd7 4. h3 e5 5. Nge2 Be7 6. g4 O-O 7. Bg2 c6 8.
a4 h6 9. O-O Re8 10. Ng3 Nf8 11. Nf5 Bxf5 12. exf5 exd4 13. Qxd4 N8d7 14.
Bd2 Qb6 15. Qf4 Qxb2 16. Rab1 Qxc2 17. Rfc1 Qd3 18. Bf1 g5 19. fxg6 Qxg6 20.
Rxb7 Nc5 21. Rbb1 h5 22. g5 Ne6 23. Qg3 Nd7 24. h4 Ndc5 25. Be3 d5 26. Ne2
Ne4 27. Qf3 d4 28. Nf4 N6xg5 29. hxg5 Qxg5+ 30. Ng2 dxe3 31. Qxe4 exf2+ 32.
Kh1 Ba3 33. Qxc6 Bxc1 34. Rxc1 Qg4 35. Kh2 Rec8 36. Qh6 Rxc1 37. Qxc1 Rc8
38. Qd2 Qf5 39. Nf4 Rc2 40. Qd8+ Kg7 41. Qd4+ Kh7 42. Nd5 Qg6 43. Ne3 Ra2
44. Kh3 {Black forfeits on time} 1-0

[Event "ICC tourney 3050 (40 10)"]
[Site "Internet Chess Club"]
[Date "2022.11.05"]
[Round "2"]
[White "LIANG, YU-CHENG:Yucheng"]
[Black "AZAROV, SERGEI:Sergeiaza"]
[Result "1/2-1/2"]
[ICCResult "Game drawn by repetition"]
[WhiteElo "2063"]
[BlackElo "2612"]
[Opening "Nimzo-Indian: 4.e3, Gligoric system with 7...dc"]
[ECO "E54"]
[NIC "NI.05"]
[Time "13:15:12"]
[PlyCount "69"]
[TimeControl "2400+10"]

1. d4 Nf6 2. c4 e6 3. Nc3 Bb4 4. e3 O-O 5. Bd3 d5 6. Nf3 c5 7. O-O dxc4 8.
Bxc4 Nc6 9. dxc5 Bxc3 10. Qxd8 Rxd8 11. bxc3 Ne4 12. Ba3 Na5 13. Rfd1 Bd7
14. Bf1 Nxc3 15. Rxd7 Rxd7 16. Bb4 Ne4 17. Bxa5 Nxc5 18. Bb5 Rd5 19. Bc4 Rd6
20. Bb4 Rc8 21. Kf1 a6 22. Be2 Rdd8 23. Rc1 Na4 24. Rd1 Rxd1+ 25. Bxd1 Nb2
26. Bb3 b6 27. Ne5 b5 28. Ke2 g5 29. Ba3 Na4 30. Bxa4 bxa4 31. Kd2 Rb8 32.
Kc2 Rc8+ 33. Kd2 Rb8 34. Kc2 Rc8+ 35. Kd2 {Game drawn by repetition} 1/2-1/2

[Event "ICC tourney 3050 (40 10)"]
[Site "Internet Chess Club"]
[Date "2022.11.05"]
[Round "2"]
[White "NATHAN, NITISH SG:K06-15494283"]
[Black "DINESH, ABINAV:abi2009"]
[Result "1-0"]
[ICCResult "Black resigns"]
[WhiteElo "1947"]
[BlackElo "1688"]
[Opening "Queen's pawn: London system"]
[ECO "A45"]
[NIC "QP.07"]
[Time "13:15:21"]
[PlyCount "89"]
[TimeControl "2400+10"]

1. d4 Nf6 2. Bf4 d5 3. e3 c5 4. c3 Qb6 5. Qb3 Nc6 6. Nd2 Bf5 7. dxc5 Qxb3 8.
axb3 e5 9. Bg3 Bxc5 10. b4 Bd6 11. b5 Ne7 12. Ngf3 Ng6 13. Be2 O-O 14. O-O
Nh5 15. c4 Nxg3 16. hxg3 Be6 17. cxd5 Bxd5 18. Bc4 Bxc4 19. Nxc4 Bc7 20.
Rfd1 f6 21. Ra4 Bb6 22. Rd7 Rab8 23. Nxb6 axb6 24. Nd2 Rfd8 25. Rxd8+ Rxd8
26. Nc4 Ne7 27. Nxb6 Rd1+ 28. Kh2 Rd2 29. f3 Rxb2 30. Nc4 Rb3 31. e4 Kf7 32.
Ra7 Rb4 33. Nd6+ Ke6 34. Nxb7 Rxb5 35. Nd8+ Kd6 36. Ra6+ Kd7 37. Ne6 Nc6 38.
Nxg7 Rb8 39. Nf5 Kc7 40. Ne3 Kd7 41. Ra1 Ke6 42. Nf5 Kf7 43. Rd1 Rd8 44. Rc1
Rc8 45. Nd6+ {Black resigns} 1-0

[Event "ICC tourney 3050 (40 10)"]
[Site "Internet Chess Club"]
[Date "2022.11.05"]
[Round "2"]
[White "VALE CRUZ, ARMIN:trucker"]
[Black "Volkov, Sergey:Volkov"]
[Result "0-1"]
[ICCResult "White resigns"]
[WhiteElo "1736"]
[BlackElo "2531"]
[Opening "French: Steinitz, Gledhill attack"]
[ECO "C11"]
[NIC "FR.04"]
[Time "13:15:15"]
[PlyCount "68"]
[TimeControl "2400+10"]

1. e4 e6 2. d4 d5 3. Nc3 Nf6 4. e5 Nfd7 5. Qg4 c5 6. Nb5 cxd4 7. f4 Nc6 8.
Nf3 Qb6 9. a3 g6 10. Bd3 a6 11. Nd6+ Bxd6 12. exd6 Qc5 13. O-O Qxd6 14. b4
O-O 15. Bd2 f5 16. Qh4 Nf6 17. Ng5 b5 18. Rf3 Ra7 19. Re1 Rg7 20. Rh3 Bd7
21. Bc1 Nh5 22. Be2 h6 23. Nf3 Qe7 24. Qf2 Nf6 25. Nxd4 Ne4 26. Qe3 Nxd4 27.
Qxd4 Kh7 28. g4 fxg4 29. Bxg4 e5 30. fxe5 h5 31. Rxe4 dxe4 32. Qxe4 Bxg4 33.
Qxg4 Qa7+ 34. Be3 Qxe3+ {White resigns} 0-1

[Event "ICC tourney 3050 (40 10)"]
[Site "Internet Chess Club"]
[Date "2022.11.05"]
[Round "2"]
[White "FEE, KENNETH E:BirchRun"]
[Black "QI, JENNY:eevee11"]
[Result "0-1"]
[ICCResult "White resigns"]
[WhiteElo "1811"]
[BlackElo "1548"]
[Opening "Queen's pawn: London system"]
[ECO "A45"]
[NIC "QP.07"]
[Time "13:15:14"]
[PlyCount "128"]
[TimeControl "2400+10"]

1. d4 Nf6 2. Bf4 g6 3. Nc3 d5 4. e3 Bg7 5. h4 h5 6. Nf3 c5 7. Nb5 Na6 8. c3
Bd7 9. Ne5 c4 10. a4 Ng4 11. Nxd7 Qxd7 12. Be2 Nf6 13. Qc2 Qd8 14. f3 Nd7
15. e4 e5 16. Bg3 O-O 17. exd5 exd4 18. cxd4 Qa5+ 19. Kf1 Nb6 20. Be1 Nb4
21. Qd2 N6xd5 22. Bxc4 Qd8 23. Nc3 Nb6 24. Bb5 a6 25. Be2 Qxd4 26. Ne4 Qxd2
27. Bxd2 N6d5 28. Nc3 Nxc3 29. Bxc3 Bxc3 30. bxc3 Nd5 31. c4 Nc3 32. Rc1
Nxa4 33. Kf2 Rac8 34. Rhd1 Rfd8 35. Re1 Nb2 36. Rb1 Nxc4 37. Rxb7 Rd2 38.
Ra7 Ra2 39. Rc1 Re8 40. Re1 a5 41. Kf1 Ne3+ 42. Kf2 Nxg2 43. Kxg2 Rexe2+ 44.
Rxe2 Rxe2+ 45. Kg3 Ra2 46. Kf4 a4 47. Kg5 Rf2 48. Kh6 Kf8 49. Rxa4 Rxf3 50.
Ra8+ Ke7 51. Ra7+ Ke6 52. Ra6+ Kf5 53. Ra7 Kg4 54. Ra4+ Rf4 55. Ra1 Kxh4 56.
Rg1 Rg4 57. Rf1 f5 58. Rf3 f4 59. Ra3 Rg3 60. Ra4 g5 61. Ra5 f3 62. Rf5 Kh3
63. Kxh5 Kg2 64. Ra5 f2 {White resigns} 0-1

[Event "ICC tourney 3050 (40 10)"]
[Site "Internet Chess Club"]
[Date "2022.11.05"]
[Round "2"]
[White "QUIRKE, JEFFREY L:PawnEatingZombi"]
[Black "LIU, KELSEY:SilverDuck"]
[Result "1-0"]
[ICCResult "Black resigns"]
[WhiteElo "2040"]
[BlackElo "1851"]
[Opening "Nimzo-Indian: classical, Noa variation, 5.cd ed"]
[ECO "E35"]
[NIC "NI.23"]
[Time "13:16:30"]
[PlyCount "93"]
[TimeControl "2400+10"]

1. d4 Nf6 2. c4 e6 3. Nc3 Bb4 4. Qc2 d5 5. cxd5 exd5 6. Bf4 O-O 7. e3 Ne4 8.
Bd3 Re8 9. Ne2 c6 10. O-O f5 11. f3 Nd6 12. a3 Ba5 13. Rac1 Bc7 14. Nxd5 Bb6
15. Nxb6 axb6 16. e4 fxe4 17. fxe4 Bg4 18. Nc3 Nf7 19. Be3 Na6 20. Rf4 Qd7
21. Bc4 Bh5 22. Rcf1 Rf8 23. e5 Qe7 24. Ne4 Nc7 25. Nd6 Nd5 26. Bxd5 cxd5
27. Nf5 Qe6 28. Qb3 Ng5 29. Qxd5 Kh8 30. Qxe6 Nxe6 31. R4f2 Rad8 32. Nd6
Rxf2 33. Rxf2 Kg8 34. h3 Bg6 35. d5 Nc5 36. Bxc5 bxc5 37. Rd2 b6 38. a4 Kf8
39. b3 Ke7 40. Nc4 Rb8 41. Kf2 b5 42. axb5 Rxb5 43. d6+ Kd8 44. e6 Rb8 45.
Ne5 Be4 46. Nf7+ Ke8 47. d7+ {Black resigns} 1-0

[Event "ICC tourney 3050 (40 10)"]
[Site "Internet Chess Club"]
[Date "2022.11.05"]
[Round "3"]
[White "Volkov, Sergey:Volkov"]
[Black "SANTOS LATASA, JAIME:jsl1996"]
[Result "1/2-1/2"]
[ICCResult "Game drawn by repetition"]
[WhiteElo "2531"]
[BlackElo "2715"]
[Opening "QGD: Ragozin variation"]
[ECO "D38"]
[NIC "NI.27"]
[Time "15:29:58"]
[PlyCount "63"]
[TimeControl "2400+10"]

1. d4 Nf6 2. c4 e6 3. Nf3 d5 4. Nc3 Bb4 5. Qa4+ Nc6 6. e3 O-O 7. Qc2 Re8 8.
Bd2 Bf8 9. Rd1 e5 10. dxe5 Nxe5 11. Nxe5 Rxe5 12. cxd5 Bf5 13. Bd3 Bxd3 14.
Qxd3 Nxd5 15. O-O c6 16. a3 Qh4 17. g3 Qh3 18. Qe2 Nf6 19. f3 Bc5 20. Kh1
Nh5 21. Rg1 Rae8 22. Ne4 Rxe4 23. fxe4 Nf6 24. e5 Ne4 25. Bb4 Bxb4 26. axb4
h6 27. Qf3 Ng5 28. Qf4 Ne6 29. Qe4 Ng5 30. Qf4 Ne6 31. Qe4 Ng5 32. Qf4
{Game drawn by repetition}
1/2-1/2

[Event "ICC tourney 3050 (40 10)"]
[Site "Internet Chess Club"]
[Date "2022.11.05"]
[Round "3"]
[White "QI, JENNY:eevee11"]
[Black "NATHAN, NITISH SG:K06-15494283"]
[Result "0-1"]
[ICCResult "White checkmated"]
[WhiteElo "1548"]
[BlackElo "1947"]
[Opening "Sicilian: Labourdonnais-Löwenthal (Kalashnikov) variation"]
[ECO "B32"]
[NIC "SI.32"]
[Time "15:30:04"]
[PlyCount "78"]
[TimeControl "2400+10"]

1. e4 c5 2. Nf3 Nc6 3. d4 cxd4 4. Nxd4 e5 5. Nb5 d6 6. N1c3 a6 7. Na3 Be7 8.
Nd5 Nf6 9. Nxe7 Qxe7 10. f3 O-O 11. Be3 b5 12. c3 Be6 13. Be2 d5 14. exd5
Nxd5 15. Qc1 Nxe3 16. Qxe3 f5 17. O-O f4 18. Qf2 Rf6 19. Bd3 Qf7 20. Be4 Bd5
21. Qe2 Bxe4 22. Qxe4 Rd8 23. b3 Qa7+ 24. Kh1 Qc5 25. Nc2 Qxc3 26. Rfd1 Rfd6
27. Rdc1 Qd3 28. Qxd3 Rxd3 29. h3 Rd2 30. a3 a5 31. b4 a4 32. Ne1 Ne7 33.
Rc5 Nf5 34. Kh2 Ne3 35. Rac1 Rd1 36. Rxd1 Rxd1 37. Nc2 Nf1+ 38. Kg1 Ng3+ 39.
Kf2 Rf1# {White checkmated} 0-1

[Event "ICC tourney 3050 (40 10)"]
[Site "Internet Chess Club"]
[Date "2022.11.05"]
[Round "3"]
[White "COHEN, THEODORE:tcohen"]
[Black "VALE CRUZ, ARMIN:trucker"]
[Result "1-0"]
[ICCResult "Black checkmated"]
[WhiteElo "1006"]
[BlackElo "1736"]
[Opening "Queen's pawn, Mason variation, Steinitz counter-gambit"]
[ECO "D00"]
[NIC "QP.08"]
[Time "15:30:56"]
[PlyCount "89"]
[TimeControl "2400+10"]

1. d4 d5 2. Bf4 c5 3. e3 Nf6 4. Nf3 Nc6 5. c3 Qb6 6. Qb3 c4 7. Qc2 g6 8. b3
Bf5 9. Qd1 Rc8 10. bxc4 dxc4 11. Bxc4 Na5 12. Be2 Qb2 13. Nbd2 Nd5 14. e4
Nxc3 15. Qc1 Qxc1+ 16. Rxc1 Nxe2 17. Rxc8+ Bxc8 18. Kxe2 Bg7 19. Rc1 O-O 20.
d5 b6 21. Rc7 Ba6+ 22. Ke3 Rc8 23. Rxc8+ Bxc8 24. g4 Bxg4 25. e5 Kf8 26. Nd4
Bd7 27. d6 Nc6 28. Nxc6 Bxc6 29. Nc4 Ke8 30. Bg5 exd6 31. exd6 Bd5 32. Kd3
Kd7 33. Be7 f5 34. f4 b5 35. Ne5+ Ke6 36. Kd4 Bxa2 37. Kc5 Bxe5 38. fxe5 a6
39. Kc6 b4 40. Kc7 b3 41. d7 b2 42. d8=Q b1=Q 43. Qd6+ Kf7 44. Qf6+ Ke8 45.
Qf8# {Black checkmated} 1-0

[Event "ICC tourney 3050 (40 10)"]
[Site "Internet Chess Club"]
[Date "2022.11.05"]
[Round "3"]
[White "AZAROV, SERGEI:Sergeiaza"]
[Black "SHEEHAN, ETHAN THOMAS:Chessking2008"]
[Result "1-0"]
[ICCResult "Black resigns"]
[WhiteElo "2612"]
[BlackElo "2262"]
[Opening "Sicilian: accelerated fianchetto, Maróczy bind"]
[ECO "B36"]
[NIC "SI.33"]
[Time "15:31:49"]
[PlyCount "69"]
[TimeControl "2400+10"]

1. e4 c5 2. Nf3 Nc6 3. d4 cxd4 4. Nxd4 g6 5. c4 Nf6 6. Nc3 d6 7. Be2 Nxd4 8.
Qxd4 Bg7 9. Be3 O-O 10. Qd3 Be6 11. O-O Nd7 12. b3 Nc5 13. Qc2 Bxc3 14. Qxc3
Nxe4 15. Qd4 Nf6 16. Bh6 Re8 17. Bf3 d5 18. c5 Bf5 19. Qb2 Be4 20. Be2 d4
21. Rad1 e5 22. Bg5 h6 23. Bxh6 Nd5 24. f3 Bf5 25. Bb5 Bd7 26. Bc4 Nc3 27.
Rde1 b5 28. Bd3 b4 29. Qf2 Kh7 30. Bc1 Bb5 31. Bxb5 Nxb5 32. f4 e4 33. f5
Qd5 34. Qh4+ Kg8 35. Bg5 {Black resigns} 1-0

[Event "ICC tourney 3050 (40 10)"]
[Site "Internet Chess Club"]
[Date "2022.11.05"]
[Round "3"]
[White "REDDY, SATVIK:chesslead"]
[Black "QUIRKE, JEFFREY L:PawnEatingZombi"]
[Result "1-0"]
[ICCResult "Black resigns"]
[WhiteElo "2320"]
[BlackElo "2040"]
[Opening "Two knights defense (Modern bishop's opening)"]
[ECO "C55"]
[NIC "IG.01"]
[Time "15:30:46"]
[PlyCount "45"]
[TimeControl "2400+10"]

1. e4 e5 2. Nf3 Nc6 3. Bc4 Nf6 4. d3 h6 5. O-O d6 6. c3 g5 7. Nbd2 Bg7 8.
Bb3 g4 9. Ne1 d5 10. exd5 Nxd5 11. Ne4 f5 12. Ng3 h5 13. Ne2 Be6 14. d4 exd4
15. Nd3 Qf6 16. Nc5 Bf7 17. Nxd4 O-O-O 18. Bg5 Qxg5 19. Nxc6 Nxc3 20. Bxf7
bxc6 21. Qb3 Nb5 22. Qe6+ Kb8 23. Qxc6 {Black resigns} 1-0

[Event "ICC tourney 3050 (40 10)"]
[Site "Internet Chess Club"]
[Date "2022.11.05"]
[Round "3"]
[White "LIU, KELSEY:SilverDuck"]
[Black "Feng, Jay:TheDeadlyPawn"]
[Result "1-0"]
[ICCResult "Black resigns"]
[WhiteElo "1851"]
[BlackElo "1689"]
[Opening "Caro-Kann: advance variation"]
[ECO "B12"]
[NIC "CK.02"]
[Time "15:30:28"]
[PlyCount "57"]
[TimeControl "2400+10"]

1. e4 c6 2. d4 d5 3. e5 c5 4. dxc5 Nc6 5. Bg5 Nxe5 6. Nc3 Nf6 7. Bxf6 exf6
8. Qxd5 Be6 9. Bb5+ Bd7 10. O-O-O Bc6 11. f4 a6 12. Bxc6+ Nxc6 13. Qc4 Qa5
14. Ne4 Be7 15. Nd6+ Bxd6 16. cxd6 O-O 17. Nf3 Rac8 18. d7 Rc7 19. Rhe1 Nb4
20. d8=Q Rxc4 21. Qxa5 Nxc2 22. b3 Rc6 23. Kb2 b6 24. Qd5 Nb4 25. Qd7 Rc2+
26. Kb1 Rxg2 27. Re8 g6 28. Rxf8+ Kxf8 29. Qd6+ {Black resigns} 1-0

[Event "ICC tourney 3050 (40 10)"]
[Site "Internet Chess Club"]
[Date "2022.11.05"]
[Round "3"]
[White "DINESH, ABINAV:abi2009"]
[Black "FEE, KENNETH E:BirchRun"]
[Result "1-0"]
[ICCResult "Black resigns"]
[WhiteElo "1688"]
[BlackElo "1811"]
[Opening "Caro-Kann: advance variation"]
[ECO "B12"]
[NIC "CK.02"]
[Time "15:30:05"]
[PlyCount "83"]
[TimeControl "2400+10"]

1. e4 c6 2. d4 d5 3. e5 c5 4. Nf3 Nc6 5. c3 Bg4 6. Be2 e6 7. Be3 Nge7 8. a3
Nf5 9. b4 Nxe3 10. fxe3 c4 11. O-O Be7 12. Nbd2 O-O 13. e4 b5 14. h3 Bh5 15.
Nh2 Bg6 16. Bf3 Bg5 17. Re1 Ne7 18. Nhf1 Qb6 19. Ne3 Rad8 20. g3 Qb8 21. h4
Bxe3+ 22. Rxe3 f6 23. h5 Be8 24. Bg4 f5 25. exf5 Nxf5 26. Rf3 Bd7 27. Bxf5
exf5 28. Qe2 Be6 29. Rf4 Rd7 30. Nf3 Qd8 31. Qh2 Kh8 32. Kf2 Qe7 33. Rh1 h6
34. Nh4 Bf7 35. Re1 Bxh5 36. e6 Rdd8 37. Nxf5 Rxf5 38. Rxf5 Bg6 39. Rf4 Rd6
40. Qh4 Qxh4 41. gxh4 Be4 42. e7 {Black resigns} 1-0